 Dungeon Crawl Stone Soup version 0.29-a0-821-g66395355a5 (webtiles) character file.

Game seed: 2470262365930746431

102610 avis the Carver (level 15, -8/126 HPs)
             Began as a Demigod Ice Elementalist on July 6, 2022.
             Mangled by a wolf spider (9 damage)
             ... on level 2 of the Spider Nest on July 7, 2022.
             The game lasted 03:56:56 (33396 turns).

avis the Carver (Demigod Ice Elementalist)         Turns: 33396, Time: 03:56:56

Health: -8/126     AC: 23    Str:  9    XL:     15   Next: 40%
Magic:  25/25      EV: 24    Int: 17    God:
Gold:   1827       SH:  0    Dex: 34    Spells: 9/22 levels left

rFire   . . .      SeeInvis .   b - +6 longbow (freeze)
rCold   . . .      Faith    .   (shield currently unavailable)
rNeg    . . .      Spirit   .   S - +4 steam dragon scales
rPois   +          Reflect  .   p - +0 helmet
rElec   .          Harm     .   T - +1 cloak {Stlth+}
rCorr   .          Rampage  .   (no gloves)
Will    +....                   G - +0 pair of boots
Stlth   ++++......              K - amulet of regeneration
HPRegen 1.11/turn               f - +4 ring of slaying
MPRegen 0.19/turn               h - ring of poison resistance

@: ice-armoured
A: high MP 1, forlorn, divine attributes
a: no special abilities


You were on level 2 of the Spider Nest.
You visited 6 branches of the dungeon, and saw 24 of its levels.
You also visited: Ice Cave.

You collected 2207 gold pieces.
You spent 380 gold pieces at shops.

Inventory:

Hand Weapons
 a - a +2 falchion of protection
 b - a +6 longbow of freezing (weapon)
 c - a +2 scimitar of holy wrath
 w - a +2 arbalest of flaming
Missiles
 y - a throwing net
Armour
 p - a +0 helmet (worn)
 G - a +0 pair of boots (worn)
 S - +4 steam dragon scales (worn)
 T - a +1 cloak of stealth (worn)
Jewellery
 f - a +4 ring of slaying (left hand)
 h - a ring of poison resistance (right hand)
 J - a ring of see invisible
 K - an amulet of regeneration (around neck)
Wands
 s - a wand of paralysis (40)
 v - a wand of flame (16)
 H - a wand of iceblast (33)
 L - a wand of mindburst (26)
 N - a wand of polymorph (6)
Scrolls
 j - a scroll of poison
 k - 7 scrolls of fog
 o - 4 scrolls of blinking
 t - 2 scrolls of fear
 A - 5 scrolls of magic mapping
 U - 9 scrolls of teleportation
Potions
 d - 9 potions of curing
 e - 6 potions of might
 g - 4 potions of lignification
 i - 2 potions of cancellation
 u - 4 potions of flight
 x - a potion of ambrosia
 z - 4 potions of magic
 I - a potion of resistance
 O - 3 potions of heal wounds
 Q - a potion of brilliance
Miscellaneous
 q - a lightning rod (4/4)
 r - a phial of floods
 M - a box of beasts


   Skills:
 - Level 10.0 Fighting
 - Level 14.0 Long Blades
 * Level 13.7 Ranged Weapons
 + Level 8.1 Armour
 - Level 10.0 Dodging
 - Level 3.0 Stealth
 - Level 4.0 Spellcasting
 - Level 3.0 Translocations
 - Level 3.0 Transmutations
 - Level 7.0 Ice Magic
 - Level 3.0 Evocations


You had 9 spell levels left.
You knew the following spells:

 Your Spells              Type           Power      Damage    Failure   Level
a - Freeze                Ice            100%       1d11      1%          1
b - Blink                 Tloc           26%        N/A       7%          2
e - Wereblood             Tmut           13%        N/A       7%          2
h - Ensorcelled Hibernat  Hex/Ice        30%        N/A       5%          2
o - Ozocubu's Armour      Ice            27%        N/A       2%          3
r - Frozen Ramparts       Ice            54%        1d7       2%          3

Your spell library contained the following spells:

 Spells                   Type           Power      Damage    Failure   Level
 Beastly Appendage        Tmut           26%        N/A       4%          1
 Passwall                 Tmut/Erth      6%         N/A       13%         2
 Lesser Beckoning         Tloc           13%        N/A       14%         3
 Summon Small Mammal      Summ           12%        N/A       16%         1
 Ice Form                 Ice/Tmut       20%        N/A       21%         4
 Scorch                   Fire           6%         2d5       24%         2
 Spider Form              Tmut/Pois      8%         N/A       26%         3
 Ignite Poison            Fire/Tmut/Pois 6%         N/A       30%         3
 Hailstorm                Conj/Ice       15%        3d5       36%         4
 Call Canine Familiar     Summ           3%         N/A       43%         3
 Conjure Flame            Conj/Fire      3%         6-21      43%         3
 Dazzling Flash           Conj/Hex       6%         N/A       43%         3
 Mephitic Cloud           Conj/Pois/Air  3%         N/A       43%         3
 Summon Guardian Golem    Hex/Summ       3%         N/A       43%         3
 Swiftness                Air            3%         N/A       43%         3
 Iskenderun's Mystic Bla  Conj/Tloc      8%         2d4       63%         4
 Metabolic Englaciation   Hex/Ice        7%         N/A       71%         5
 Manifold Assault         Tloc           13%        N/A       77%         5
 Animate Dead             Necr           3%         N/A       83%         4
 Flame Wave               Conj/Fire      3%         2d4       83%         4
 Leda's Liquefaction      Hex/Erth       1%         N/A       83%         4
 Sticky Flame             Conj/Fire      3%         2d3       83%         4
 Freezing Cloud           Conj/Ice/Air   5%         6-21      86%         5
 Lee's Rapid Deconstruct  Erth           1%         3d5*      99%         5
 Simulacrum               Ice/Necr       7%         N/A       99%         6
 Starburst                Conj/Fire      1%         6d3       100%        6
 Statue Form              Tmut/Erth      5%         N/A       100%        6
 Summon Cactus Giant      Summ           1%         N/A       100%        6
 Haunt                    Necr/Summ      1%         N/A       100%        7
 Ozocubu's Refrigeration  Ice            13%        4d7       100%        7
 Infestation              Necr           1%         N/A       100%        8


Dungeon Overview and Level Annotations

Branches:
Dungeon (12/15)            Temple (1/1) D:5            Lair (6/6) D:10
  Swamp (2/4) Lair:2       Spider (2/4) Lair:4        Slime (0/5) Lair:6
    Orc (1/2) D:12          IceCv (visited)

Shops:
D:5 (

Annotations:
D:3 exclusion: statue


Innate Abilities, Weirdness & Mutations

You have an increased reservoir of magic. (+10% MP)
You shall have no god before yourself.
Your divine heritage dramatically boosts your attributes as you level up.


Message History

The arrow freezes the orb spider.
The orb spider is heavily wounded.
The orb of destruction hits you!!! The wolf spider misses you.
The wolf spider completely misses you.
The jumping spider leaps!
The wolf spider hits you but does no damage.
The wolf spider barely misses you.
Fire: b) +6 longbow (freeze)
Press: ? - help, Q - select action, (/) - cycle Shift-Dir - straight line, f/p - orb spider
Aim: an orb spider (heavily wounded, fully charged, 79% to hit)
You shoot an arrow. The arrow barely misses the orb spider.
The wolf spider hits you. The wolf spider misses you.
Fire: b) +6 longbow (freeze)
Press: ? - help, Q - select action, (/) - cycle Shift-Dir - straight line, f/p - orb spider
Aim: an orb spider (heavily wounded, fully charged, 79% to hit)
You shoot an arrow.
The arrow closely misses the orb spider.
The wolf spider misses you.
The wolf spider bites you but does no damage.
The orb spider weaves a glowing orb of energy.
The wolf spider closely misses you. x2
An orb of destruction comes into view.
Fire: b) +6 longbow (freeze)
Press: ? - help, Q - select action, (/) - cycle Shift-Dir - straight line, f/p - orb spider
Aim: an orb spider (moderately wounded, 79% to hit)
You shoot an arrow. The arrow hits the orb spider!!
The arrow freezes the orb spider.
The orb spider is almost dead.
The jumping spider leaps!
The wolf spider misses you. The wolf spider completely misses you.
Fire: b) +6 longbow (freeze)
Press: ? - help, Q - select action, (/) - cycle Shift-Dir - straight line, f/p - orb spider
Aim: an orb spider (almost dead, 79% to hit)
You shoot an arrow.
The arrow completely misses the orb spider.
The orb of destruction hits you!!!
* * * LOW HITPOINT WARNING * * *
The jumping spider barely misses you.
The jumping spider completely misses you.
The wolf spider hits you!
You die...

... #.. ..
##.. ..#.. ...
^.../ # ..
....
#..###.####..#
#..........s.#
#†<†○○..#
#.s@....#
#.s)....#
.......##..#
.....##.. ...#
....# ..##
...# ...○ #...
.## ##.. ##..
.# . ### #


You could see a wolf spider, an orb spider and a jumping spider.

Vanquished Creatures
  Agnes (Spider:1)
  Donald (Swamp:1)
  A frost giant (IceCv)
  A bunyip (Swamp:1)
  4 eleionomae
  A minotaur (D:11)
  An entropy weaver (Lair:4)
  A shambling mangrove (Swamp:2)
  Josephine (Lair:5)
  7 hydras
  3 boulder beetles
  A catoblepas (Lair:2)
  A two-headed ogre (D:9)
  18 death yaks
  4 alligators
  2 spriggans (Swamp:2)
  Amaemon (Lair:1)
  A goliath frog (Lair:6)
  2 pharaoh ants (Spider:1)
  A spriggan druid (Swamp:2)
  A swamp dragon (Swamp:2)
  3 skeletal warriors
  A steelbarb worm (Spider:1)
  2 orb spiders (Spider:1)
  A sun moth (Spider:1)
  A bog body (Swamp:2)
  Pikel (D:6)
  An orc knight (D:12)
  An orc sorcerer (Orc:1)
  An ugly thing (D:12)
  3 wolf spiders (Spider:1)
  A will-o-the-wisp (Swamp:1)
  9 elephants
  An oklob plant (Lair:4)
  10 black mambas
  Maurice (D:12)
  An ice statue (IceCv)
  2 torpor snails
  An orange demon (Lair:1)
  9 rime drakes
  27 cane toads
  3 unseen horrors (D:10)
  4 komodo dragons
  Psyche (D:12)
  2 kobold demonologists (D:11)
  3 bloated husks
  4 trolls
  3 meliai (Spider:2)
  11 tyrant leeches
  9 polar bears
  2 hornets (Swamp:2)
  Prince Ribbit (D:6)
  6 tarantellas
  5 dream sheep
  29 blink frogs
  4 slime creatures (Lair:6)
  8 culicivoras
  6 jumping spiders
  58 yaks
  6 wyverns
  8 wraiths
  Eustachio (D:3)
  9 redbacks
  Grum (D:9)
  4 basilisks
  10 vampire mosquitoes
  2 steam dragons
  A warg (D:12)
  4 swamp worms
  3 acid dragons (D:11)
  13 water moccasins
  6 orc warriors
  A black bear (Lair:3)
  5 swamp drakes
  An ogre (D:7)
  37 wolves
  7 centaurs
  4 kobold brigands
  A phantom (D:4)
  A lemure (D:6)
  18 bullfrogs
  2 scorpions
  2 necrophages (D:6)
  4 wights (D:8)
  6 killer bees (D:11)
  5 howler monkeys
  3 electric eels
  A jelly (D:4)
  2 gnoll boudas
  4 hounds
  8 orc priests
  Ijyb (D:3)
  Jessica (D:2)
  4 iguanas
  24 orc wizards
  Robin (D:2)
  9 gnolls
  8 adders
  3 shadow imps
  A white imp (D:7)
  An ufetubus (D:3)
  4 worms
  2 dart slugs
  49 orcs
  9 ball pythons
  6 bats
  An endoplasm (D:2)
  2 giant cockroaches
  17 goblins
  9 hobgoblins
  5 quokkas
  4 frilled lizards
  32 kobolds
  9 rats
672 creatures vanquished.

Vanquished Creatures (others)
  A bloated husk (Swamp:2)
  A tyrant leech (Swamp:1)
  2 bushes (Lair:6)
  7 foxfires
  71 fungi
  127 plants
209 creatures vanquished.

Grand Total: 881 creatures vanquished

Notes
Turn   | Place    | Note
-------+----------+-------------------------------------------
     0 | D:1      | avis the Demigod Ice Elementalist began the quest for the
                  | Orb.
     0 | D:1      | Reached XP level 1. HP: 14/14 MP: 5/5
    11 | D:1      | Noticed an ogre
   389 | D:1      | Reached skill level 1 in Fighting
   435 | D:1      | Reached XP level 2. HP: 19/24 MP: 4/7
  1050 | D:1      | Reached XP level 3. HP: 29/29 MP: 6/8
  1071 | D:1      | Learned a level 3 spell: Ozocubu's Armour
  1595 | D:2      | Found Ekhicoth's Magic Scroll Emporium.
  1595 | D:2      | Noticed Robin
  1603 | D:2      | Killed Robin
  1751 | D:2      | Bought a scroll of identify for 28 gold pieces
  1803 | D:2      | Bought a scroll of poison for 49 gold pieces
  1959 | D:2      | Reached XP level 4. HP: 35/36 MP: 9/9
  2019 | D:2      | Noticed Jessica
  2030 | D:2      | Killed Jessica
  2483 | D:2      | Identified the amulet of Qiasulull {Faith rF- MP+9 Int+2}
  2487 | D:2      | Identified the +6 dagger of Resourcefulness {flame, Dex+3
                  | SInv}
  2645 | D:2      | Bought a scroll of fog for 28 gold pieces
  2849 | D:3      | Reached XP level 5. HP: 45/45 MP: 9/11
  3407 | D:3      | Reached skill level 1 in Long Blades
  3638 | D:4      | Noticed Ijyb
  3641 | D:4      | Noticed Eustachio
  3658 | D:3      | Killed Ijyb
  3894 | D:3      | Killed Eustachio
  3895 | D:3      | Reached skill level 2 in Long Blades
  3895 | D:3      | Reached XP level 6. HP: 39/51 MP: 10/13
  4525 | D:4      | Reached skill level 3 in Long Blades
  4525 | D:4      | Reached XP level 7. HP: 52/59 MP: 14/14
  4776 | D:5      | Entered Level 5 of the Dungeon
  4822 | D:5      | Found Plog's Weapon Shop.
  4888 | D:5      | Reached skill level 4 in Long Blades
  4894 | D:5      | Bought a +0 longbow for 65 gold pieces
  4926 | D:5      | Found a staircase to the Ecumenical Temple.
  4962 | Temple   | Entered the Ecumenical Temple
  5285 | D:5      | Reached skill level 5 in Long Blades
  5453 | D:5      | Noticed an angel
  5468 | D:5      | Noticed a profane servitor
  5609 | D:6      | Noticed Pikel
  5628 | D:6      | Paralysed by Pikel for 4 turns
  5634 | D:6      | Killed Pikel
  5635 | D:6      | Reached skill level 6 in Long Blades
  5635 | D:6      | Reached skill level 5 in Fighting
  5635 | D:6      | Reached XP level 8. HP: 60/68 MP: 15/15
  5999 | D:6      | Noticed Prince Ribbit
  6015 | D:6      | Killed Prince Ribbit
  6563 | Temple   | Upgraded the game from 0.29-a0-817-g9904bce7a6 to
                  | 0.29-a0-819-g94b489e0ae
  6567 | Temple   | Learned a level 3 spell: Frozen Ramparts
  7061 | D:7      | Reached XP level 9. HP: 65/74 MP: 18/18
  7165 | D:7      | Reached skill level 5 in Dodging
  8252 | D:8      | Reached skill level 5 in Ice Magic
  8328 | D:8      | Reached skill level 5 in Ranged Weapons
 10328 | D:9      | Noticed Grum
 10335 | D:9      | Reached skill level 7 in Long Blades
 10337 | D:9      | Killed Grum
 10387 | D:9      | Reached XP level 10. HP: 30/81 MP: 19/19
 10395 | D:9      | Reached skill level 8 in Long Blades
 10868 | D:9      | Noticed a two-headed ogre
 10872 | D:9      | Killed a two-headed ogre
 11295 | D:9      | Learned a level 2 spell: Wereblood
 11322 | D:10     | Entered Level 10 of the Dungeon
 11373 | D:10     | Reached skill level 1 in Transmutations
 12017 | D:10     | Found a staircase to the Lair.
 12287 | D:10     | Reached skill level 9 in Long Blades
 12435 | Lair:1   | Entered Level 1 of the Lair of Beasts
 12488 | Lair:1   | Noticed Amaemon
 12498 | Lair:1   | Killed Amaemon
 12527 | Lair:1   | Reached XP level 11. HP: 60/89 MP: 20/20
 12550 | Lair:1   | Reached skill level 10 in Long Blades
 12600 | Lair:1   | Found a frozen archway.
 12616 | IceCv    | Entered an ice cave
 12863 | IceCv    | Noticed a death yak
 12870 | IceCv    | Noticed a death yak
 12879 | IceCv    | Killed a death yak
 12899 | IceCv    | Killed a death yak
 13346 | IceCv    | Reached skill level 10 in Ranged Weapons
 13787 | IceCv    | Noticed a death yak
 13805 | IceCv    | Noticed a death yak
 13823 | IceCv    | Killed a death yak
 13861 | IceCv    | Killed a death yak
 14335 | IceCv    | Noticed a death yak
 14336 | IceCv    | Noticed a death yak
 14336 | IceCv    | Noticed a frost giant
 14358 | IceCv    | Noticed a death yak
 14359 | IceCv    | Killed a death yak
 14360 | IceCv    | Reached XP level 12. HP: 100/100 MP: 21/21
 14386 | IceCv    | Killed a frost giant
 14549 | IceCv    | Got the Parchment of Rime
 15586 | Lair:2   | Reached skill level 10 in Fighting
 16827 | Lair:2   | Found a staircase to the Swamp.
 16975 | Lair:2   | Noticed a catoblepas
 16989 | Lair:2   | Killed a catoblepas
 17522 | Lair:1   | Learned a level 2 spell: Blink
 17934 | Lair:3   | Reached skill level 1 in Translocations
 18496 | Lair:3   | Reached XP level 13. HP: 113/113 MP: 22/22
 19126 | Lair:4   | You fall into a shaft and drop 2 floors!
 19126 | Lair:6   | Entered Level 6 of the Lair of Beasts
 19139 | Lair:6   | Reached skill level 10 in Dodging
 19229 | Lair:6   | Reached skill level 5 in Armour
 19609 | Lair:6   | Reached skill level 11 in Long Blades
 19840 | Lair:6   | Found a staircase to the Slime Pits.
 20029 | Lair:6   | Reached skill level 12 in Long Blades
 20645 | Lair:4   | Found a hole to the Spider Nest.
 22350 | Lair:4   | Reached XP level 14. HP: 85/121 MP: 24/24
 22741 | Lair:5   | Noticed Josephine
 22754 | Lair:5   | Killed Josephine
 23898 | Lair:6   | Reached skill level 13 in Long Blades
 25120 | Lair:1   | Learned a level 2 spell: Ensorcelled Hibernation
 25132 | D:11     | Found a runed translucent door.
 26750 | D:12     | Found a staircase to the Orcish Mines.
 26950 | D:11     | Reached skill level 14 in Long Blades
 27825 | D:12     | Noticed Psyche
 27852 | D:12     | Noticed Maurice
 27863 | D:12     | Killed Maurice
 28481 | D:12     | Killed Psyche
 28490 | Orc:1    | Entered Level 1 of the Orcish Mines
 28985 | Orc:1    | Paralysed by an orc sorcerer for 5 turns
 29548 | Swamp:1  | Entered Level 1 of the Swamp
 30147 | Swamp:1  | Noticed Donald
 30300 | Swamp:1  | Killed Donald
 30604 | D:2      | Bought a scroll of blinking for 105 gold pieces
 30604 | D:2      | Bought a scroll of enchant armour for 105 gold pieces
 30870 | Spider:1 | Entered Level 1 of the Spider Nest
 31293 | Spider:1 | Reached XP level 15. HP: 122/126 MP: 22/25
 31892 | Spider:1 | Noticed Agnes
 31913 | Spider:1 | Killed Agnes
 32114 | Lair:1   | Upgraded the game from 0.29-a0-819-g94b489e0ae to
                  | 0.29-a0-821-g66395355a5
 32299 | Swamp:1  | Reached skill level 1 in Evocations
 33396 | Spider:2 | HP: 1/126 [disintegration (51)]
 33396 | Spider:2 | Mangled by a wolf spider

Illustrated notes

Levels and vault maps discovered:
D:1:      evilmike_arrival_come_back, layout_basic, nicolae_grassy_gnolls
D:2:      minmay_razor_zed, layout_loops_ring, serial_shops, shop_scrolls,
          corexii_corridor_pit, uniq_robin, uniq_jessica
D:3:      layout_basic, trog_butcher_becter, vehumet_statue,
          shapermc_ecumenical_altar_petra
D:4:      layout_basic, mainiacjoe_overflow_small_starburst,
          lemuel_doored_altar, minmay_misc_feat_columns,
          kennysheep_generic_room_14, uniq_eustachio, uniq_ijyb
D:5:      layout_rooms, grunt_temple_overflow_holy_war,
          minmay_temple_entry_trees, serial_shops, shop
D:6:      layout_basic, mainiacjoe_overflow_tiny_flanked,
          minmay_misc_feat_pillars, hangedman_abyss_or_decor_lesser_grid,
          uniq_pikel, uniq_prince_ribbit1
D:7:      minmay_flawed_box, layout_basic
D:8:      layout_gridville, overflow_temple_1_default, kennysheep_mini
D:9:      layout_small_grid, lightli_temple_of_fire, nicolae_overflow_squiral,
          kennysheep_doodads, uniq_grum
D:10:     layout_small_grid, dpeg_oklobed_lair, chequers_avenue
D:11:     dreamdust_labyrinth, layout_irregular_city
D:12:     layout_roguey, minmay_orc_entry_temple_small, uniq_maurice,
          uniq_psyche
Temple:   hellmonk_temple_flake
Lair:1:   layout_roguey, portal_ice_cave_rime, uniq_amaemon
Lair:2:   layout_misc_corridors, minmay_swamp_entry_worms
Lair:3:   layout_regular_city, lemuel_fruit_tree
Lair:4:   layout_cave_pods, spider_nest_entry_web_field,
          nicolae_lair_grove_arrangements, lemuel_oklob_altar
Lair:5:   layout_hall_layers, st_stairs_7, beast_lair_carwin_1, uniq_josephine
Lair:6:   minmay_lair_end_frog_pond, layout_loops_ring,
          minmay_slime_entry_pillars
Swamp:1:  layout_falls_marsh, nicolae_swamp_ascending_descending, uniq_donald
Swamp:2:  layout_basic_swamp, nicolae_swamp_fairy_circle, swamp_pool5
Spider:1: layout_spider_delve, uniq_agnes
Spider:2: nicolae_spider_hilbert_zone_1 [nicolae_spider_hilbert_4_sides_1_open,
          nicolae_spider_hilbert_4_sides_1_open,
          nicolae_spider_hilbert_4_sides_1_open,
          nicolae_spider_hilbert_4_sides_1_open,
          nicolae_spider_hilbert_3_sides_1_open,
          nicolae_spider_hilbert_3_sides_1_open,
          nicolae_spider_hilbert_3_sides_1_open,
          nicolae_spider_hilbert_3_sides_1_open,
          nicolae_spider_hilbert_3_sides_1_open,
          nicolae_spider_hilbert_6_sides_1_open,
          nicolae_spider_hilbert_6_sides_1_open,
          nicolae_spider_hilbert_3_sides_1_open,
          nicolae_spider_hilbert_3_sides_1_open,
          nicolae_spider_hilbert_3_sides_1_open,
          nicolae_spider_hilbert_3_sides_1_open,
          nicolae_spider_hilbert_2_sides_1_open], hellmonk_motheaten_closet
Orc:1:    layout_caves, abandoned_shop

Skill      XL: |  1  2  3  4  5  6  7  8  9 10 11 12 13 14 15 |
---------------+----------------------------------------------+-----
Fighting       | 1 2 3 4 5 6 7 10 | 10.0
Dodging        | 2 3 4 5 7 9 10 | 10.0
Spellcasting   | 2 3 4 |  4.0
Ice Magic      | 4 5 6 7 |  7.0
Stealth        | 2 3 |  3.0
Long Blades    | 2 3 6 7 9 10 12 14 | 14.0
Ranged Weapons | 2 4 6 8 10 11 12 13 | 13.7
Armour         | 2 5 8 |  8.1
Transmutations | 2 3 |  3.0
Translocations | 2 3 |  3.0
Evocations     | 3 |  3.0

Action                   |  1- 3 |  4- 6 |  7- 9 | 10-12 | 13-15 || total
-------------------------+-------+-------+-------+-------+-------++-------
Melee: Short sword       |    10 |       |       |       |       ||    10
       Punch             |     1 |       |     1 |    10 |    17 ||    29
       Hand axe          |    30 |    25 |       |       |       ||    55
       Dagger            |       |    32 |       |       |       ||    32
       Falchion          |       |    93 |   164 |   362 |   850 ||  1469
       Unarmed           |       |       |       |       |     7 ||     7
 Fire: Shortbow          |       |       |   115 |       |       ||   115
       Longbow           |       |       |    20 |   372 |   663 ||  1055
 Cast: Freeze            |    23 |       |       |       |       ||    23
       Ozocubu's Armour  |     3 |    14 |    33 |    69 |   142 ||   261
       Wereblood         |       |       |       |     2 |     1 ||     3
       Blink             |       |       |       |       |     2 ||     2
Evoke: Wand              |       |       |       |     8 |     3 ||    11
  Use: Scroll            |       |     6 |    18 |     5 |    11 ||    40
       Potion            |       |       |     1 |     9 |     9 ||    19
 Stab: Sleeping          |     7 |     6 |     1 |       |       ||    14
Armor: Robe              |     7 |       |       |       |       ||     7
       Animal skin       |     2 |    55 |    74 |       |       ||   131
       Steam dragon scal |       |       |     3 |   195 |   330 ||   528
       Skin              |       |       |       |       |     2 ||     2
Dodge: Dodged            |    22 |   104 |   197 |   511 |  1082 ||  1916

Table legend: (Time is in decaauts)
 A = Elapsed time spent in this place.
 B = Non-inter-level travel time spent in this place.
 C = Inter-level travel time spent in this place.
 D = Time resting spent in this place.
 E = Time spent auto-exploring this place.
 F = Levels seen in this place.
 G = Mean time per level.
                   A        B        C        D        E       F      G
               +--------+--------+--------+--------+--------+-----+--------+
         Total |  33320 |  29465 |   3855 |  10409 |  11228 |  25 | 1332.8 |
       Dungeon |  16829 |  14349 |   2480 |   4328 |   6797 |  12 | 1402.4 |
        Temple |    218 |    204 |     14 |      0 |    111 |   1 |  218.0 |
          Lair |  10647 |   9481 |   1166 |   3846 |   3115 |   6 | 1774.5 |
         Swamp |   1818 |   1700 |    118 |    504 |    652 |   2 |  909.0 |
   Spider Nest |   1031 |    980 |     51 |    501 |      0 |   2 |  515.5 |
  Orcish Mines |    494 |    469 |     25 |      0 |    325 |   1 |  494.0 |
      Ice Cave |   2279 |   2279 |      0 |   1229 |    226 |   1 | 2279.0 |
               +--------+--------+--------+--------+--------+-----+--------+

Top non-repeatable levels by time:
   IceCv: 2279 daAuts
  Lair:6: 2059 daAuts
  Lair:1: 2053 daAuts
    D:11: 2021 daAuts
  Lair:4: 2020 daAuts
  Lair:5: 1823 daAuts
    D:12: 1718 daAuts
     D:7: 1635 daAuts
  Lair:3: 1585 daAuts
     D:1: 1581 daAuts
     D:9: 1544 daAuts
     D:8: 1422 daAuts
     D:6: 1393 daAuts
    D:10: 1349 daAuts
     D:3: 1336 daAuts
